MWL (24 & UNDER)
ERIE JAXX @ PLUMSTEAD EAGLES
08/04/2030
 
TOP OF THE 1ST
Erie Jaxx batting - Pitching for Plumstead Eagles : LHP Luis Hernández
Pitching: LHP Luis Hernández
Batting: LHB Matt Moore 0-0: Called Strike
0-1: Fly out, F9 (Line Drive, 9)
Batting: RHB Juan González 0-0: Called Strike
0-1: Ball
1-1: SINGLE (Groundball, 34D)
Batting: RHB Shane Marshall 0-0: Ball
1-0: Called Strike
1-1: Called Strike
Juan González is caught stealing 2nd base
1-2: Foul Ball, location: 2F
1-2: Foul Ball, location: 2F
1-2: Foul Ball, location: 2F
1-2: Foul Ball, location: 2F
1-2: Strikes out looking
Top of the 1st over - 0 runs, 1 hit, 0 errors, 0 left on base; Erie 0 - Plumstead 0
BOTTOM OF THE 1ST
Plumstead Eagles batting - Pitching for Erie Jaxx : RHP Iván Romero
Pitching: RHP Iván Romero
Batting: RHB Wayne Workman 0-0: Ball
1-0: Called Strike
1-1: SINGLE (Groundball, 6MD)
Batting: LHB António Álvarez 0-0: Ball
1-0: Ground out U3 (Groundball, 3S)
Wayne Workman to second
Batting: LHB Conan Bush 0-0: Called Strike
Wayne Workman steals 3rd base
0-1: Ground out U3 (Groundball, 3L)
Batting: LHB Jerry Tolbert 0-0: Called Strike
0-1: Ball
1-1: Ball
2-1: Foul Ball, location: 2F
2-2: Ball
3-2: SINGLE (Groundball, 4MD)
Wayne Workman scores
Batting: LHB Miguel Gamboa 0-0: Ball
1-0: Ball
Jerry Tolbert is caught stealing 2nd base
Bottom of the 1st over - 1 run, 2 hits, 0 errors, 0 left on base; Erie 0 - Plumstead 1
TOP OF THE 2ND
Erie Jaxx batting - Pitching for Plumstead Eagles : LHP Luis Hernández
Batting: RHB Danny Morrison 0-0: Called Strike
0-1: Ball
1-1: Called Strike
1-2: Strikes out looking
Batting: RHB Andrés Silva 0-0: Ball
1-0: Foul Ball, location: 2F
1-1: SINGLE (Groundball, 4MD)
Batting: SHB José Salazar 0-0: Ball
1-0: Called Strike
1-1: Fly out, F6 (Line Drive, 6M)
Batting: RHB José Hernández 0-0: Ball
1-0: Ball
2-0: Called Strike
2-1: Foul Ball, location: 2F
2-2: Fielders Choice at 2nd, 6-4 (Groundball, 6)
Top of the 2nd over - 0 runs, 1 hit, 0 errors, 1 left on base; Erie 0 - Plumstead 1
BOTTOM OF THE 2ND
Plumstead Eagles batting - Pitching for Erie Jaxx : RHP Iván Romero
Batting: LHB Miguel Gamboa 0-0: Called Strike
0-1: Ball
1-1: Swinging Strike
1-2: Strikes out looking
Batting: LHB Joe Rutherford 0-0: Ball
1-0: Called Strike
1-1: Foul Ball, location: 2F
1-2: Strikes out swinging
Batting: RHB Jimmy Myers 0-0: Ball
1-0: Ball
2-0: Foul Ball, location: 2F
2-1: Foul Ball, location: 2F
2-2: Foul Ball, location: 2F
2-2: SINGLE (Line Drive, 89S)
Batting: LHB José Marín 0-0: Ball
1-0: Called Strike
1-1: Swinging Strike
1-2: Ball
2-2: Ball
3-2: Fly out, F8 (Flyball, 8LM)
Bottom of the 2nd over - 0 runs, 1 hit, 0 errors, 1 left on base; Erie 0 - Plumstead 1
TOP OF THE 3RD
Erie Jaxx batting - Pitching for Plumstead Eagles : LHP Luis Hernández
Batting: RHB Germán Duarte 0-0: Called Strike
0-1: Swinging Strike
0-2: Foul Ball, location: 2F
0-2: Foul Ball, location: 2F
0-2: Strikes out swinging
Batting: LHB Juan Vásquez 0-0: Called Strike
0-1: Called Strike
0-2: Ball
1-2: Ball
2-2: Foul Ball, location: 2F
2-2: Ball
3-2: SINGLE (Groundball, 34D)
Batting: LHB Matt Moore 0-0: Ball
1-0: Called Strike
1-1: Swinging Strike
1-2: Strikes out swinging
Batting: RHB Juan González 0-0: Ball
1-0: Ball
2-0: Ball
3-0: Called Strike
3-1: Base on Balls
Juan Vásquez to second
Batting: RHB Shane Marshall 0-0: Ground out U3 (Groundball, 3L)
Top of the 3rd over - 0 runs, 1 hit, 0 errors, 2 left on base; Erie 0 - Plumstead 1
BOTTOM OF THE 3RD
Plumstead Eagles batting - Pitching for Erie Jaxx : RHP Iván Romero
Batting: LHB Roberto Alba 0-0: Ball
1-0: Called Strike
1-1: Foul Ball, location: 2F
1-2: SOLO HOME RUN (Line Drive, 78XD), Distance : 410 ft
Batting: RHB Wayne Workman 0-0: Called Strike
0-1: SOLO HOME RUN (Flyball, 7LD), Distance : 361 ft
Batting: LHB António Álvarez 0-0: Called Strike
0-1: Ball
1-1: Foul Ball, location: 2F
1-2: Foul Ball, location: 2F
1-2: Strikes out swinging
Batting: LHB Conan Bush 0-0: Swinging Strike
0-1: Swinging Strike
0-2: Ground out 4-3 (Groundball, 4)
Batting: LHB Jerry Tolbert 0-0: Ball
1-0: Ground out 4-3 (Groundball, 4)
Bottom of the 3rd over - 2 runs, 2 hits, 0 errors, 0 left on base; Erie 0 - Plumstead 3
TOP OF THE 4TH
Erie Jaxx batting - Pitching for Plumstead Eagles : LHP Luis Hernández
Batting: RHB Danny Morrison 0-0: Called Strike
0-1: Ball
1-1: SINGLE (Flyball, 8LS)
Batting: RHB Andrés Silva 0-0: Ball
1-0: Ball
2-0: DOUBLE (Line Drive, 7LM)
Danny Morrison to third
Batting: SHB José Salazar 0-0: Foul Ball, location: 2F
0-1: Ball
1-1: Ball
2-1: Called Strike
2-2: Strikes out looking
Batting: RHB José Hernández 0-0: Ball
1-0: Ground out 5-3 (Groundball, 5)
Batting: RHB Germán Duarte 0-0: Foul Ball, location: 2F
0-1: Called Strike
0-2: Strikes out swinging
Top of the 4th over - 0 runs, 2 hits, 0 errors, 2 left on base; Erie 0 - Plumstead 3
BOTTOM OF THE 4TH
Plumstead Eagles batting - Pitching for Erie Jaxx : RHP Iván Romero
Batting: LHB Miguel Gamboa 0-0: Foul Ball, location: 2F
0-1: Ball
1-1: Ball
2-1: Ground out 4-3 (Groundball, 4S)
Batting: LHB Joe Rutherford 0-0: Ball
1-0: SINGLE (Groundball, 4MD)
Batting: RHB Jimmy Myers 0-0: SINGLE (Groundball, 4MD)
Joe Rutherford to second
Batting: LHB José Marín 0-0: Foul Ball, location: 2F
0-1: Ball
1-1: Foul Ball, location: 2F
1-2: Strikes out looking
Batting: LHB Roberto Alba 0-0: Ground out U3 (Groundball, 3L)
Bottom of the 4th over - 0 runs, 2 hits, 0 errors, 2 left on base; Erie 0 - Plumstead 3
TOP OF THE 5TH
Erie Jaxx batting - Pitching for Plumstead Eagles : LHP Luis Hernández
Batting: LHB Juan Vásquez 0-0: Ball
1-0: Called Strike
1-1: Ball
2-1: Called Strike
2-2: Fly out, F8 (Flyball, 8RM)
Batting: LHB Matt Moore 0-0: Called Strike
0-1: Ball
1-1: Foul Ball, location: 2F
1-2: Foul Ball, location: 2F
1-2: Ground out 1-3 (Groundball, P)
Batting: RHB Juan González 0-0: Ground out 1-3 (Groundball, P)
Top of the 5th over - 0 runs, 0 hits, 0 errors, 0 left on base; Erie 0 - Plumstead 3
BOTTOM OF THE 5TH
Plumstead Eagles batting - Pitching for Erie Jaxx : RHP Iván Romero
Batting: RHB Wayne Workman 0-0: Swinging Strike
0-1: Ball
1-1: Swinging Strike
1-2: Strikes out swinging
Batting: LHB António Álvarez 0-0: SOLO HOME RUN (Flyball, 9LD), Distance : 377 ft
Batting: LHB Conan Bush 0-0: Foul Ball, location: 2F
0-1: DOUBLE (Line Drive, 9LM)
Pitching: RHP Jesús Béltre
Batting: LHB Jerry Tolbert 0-0: SINGLE (Line Drive, 34)
Conan Bush to third
Batting: LHB Miguel Gamboa 0-0: Ball
1-0: Called Strike
1-1: Foul Ball, location: 2F
1-2: Strikes out looking
Batting: LHB Joe Rutherford 0-0: Ball
1-0: Foul Ball, location: 2F
1-1: Ground out 4-3 (Groundball, 4)
Bottom of the 5th over - 1 run, 3 hits, 0 errors, 2 left on base; Erie 0 - Plumstead 4
TOP OF THE 6TH
Erie Jaxx batting - Pitching for Plumstead Eagles : LHP Luis Hernández
Batting: RHB Shane Marshall 0-0: Called Strike
0-1: TRIPLE (Line Drive, 9LD)
Batting: RHB Danny Morrison 0-0: Ball
1-0: Called Strike
1-1: Foul Ball, location: 2F
1-2: Ball
2-2: Strikes out swinging
Batting: RHB Andrés Silva 0-0: Called Strike
0-1: Foul Ball, location: 2F
0-2: Ball
1-2: Fly out, F7 (Flyball, 7)
Runner from 3rd tags up, OUT at HOME
Top of the 6th over - 0 runs, 1 hit, 0 errors, 0 left on base; Erie 0 - Plumstead 4
BOTTOM OF THE 6TH
Plumstead Eagles batting - Pitching for Erie Jaxx : RHP Jesús Béltre
Batting: RHB Jimmy Myers 0-0: Called Strike
0-1: Ball
1-1: Called Strike
1-2: Foul Ball, location: 2F
1-2: Fly out, F6 (Popup, 6M)
Batting: LHB José Marín 0-0: SINGLE (Groundball, 6D)
Batting: LHB Roberto Alba 0-0: Called Strike
José Marín steals 2nd base
0-1: Called Strike
0-2: Fly out, F6 (Popup, 6)
Batting: RHB Wayne Workman 0-0: Intentional Walk
Batting: LHB António Álvarez 0-0: Called Strike
0-1: Fielders Choice at 2nd, 5-4 (Groundball, 56)
Bottom of the 6th over - 0 runs, 1 hit, 0 errors, 2 left on base; Erie 0 - Plumstead 4
TOP OF THE 7TH
Erie Jaxx batting - Pitching for Plumstead Eagles : LHP Luis Hernández
Batting: SHB José Salazar 0-0: Ball
1-0: Fly out, F7 (Flyball, 7S)
Batting: RHB José Hernández 0-0: Ball
1-0: Hit by Pitch
Batting: RHB Germán Duarte 0-0: Ball
1-0: SINGLE (Groundball, 6MD)
José Hernández to second
Batting: LHB Juan Vásquez 0-0: Ball
1-0: Ball
2-0: Called Strike
2-1: Foul Ball, location: 2F
2-2: Strikes out swinging
Batting: LHB Matt Moore 0-0: Ground out 4-3 (Groundball, 4)
Top of the 7th over - 0 runs, 1 hit, 0 errors, 2 left on base; Erie 0 - Plumstead 4
BOTTOM OF THE 7TH
Plumstead Eagles batting - Pitching for Erie Jaxx : RHP Jesús Béltre
Batting: LHB Conan Bush 0-0: Swinging Strike
0-1: Ball
1-1: Ball
2-1: Ground out U3 (Groundball, 3L)
Batting: LHB Jerry Tolbert 0-0: Ball
1-0: Ground out 4-3 (Groundball, 4)
Batting: LHB Miguel Gamboa 0-0: Ball
1-0: Ground out 2-3 (Groundball, 2L)
Bottom of the 7th over - 0 runs, 0 hits, 0 errors, 0 left on base; Erie 0 - Plumstead 4
TOP OF THE 8TH
Erie Jaxx batting - Pitching for Plumstead Eagles : LHP Luis Hernández
Batting: RHB Juan González 0-0: Called Strike
0-1: SINGLE (Line Drive, 89S)
Batting: RHB Shane Marshall 0-0: Called Strike
0-1: Ball
1-1: Ball
2-1: Called Strike
2-2: Strikes out swinging
Pitching: RHP John Bauer
Batting: RHB Danny Morrison 0-0: Ball
1-0: Swinging Strike
1-1: Foul Ball, location: 2F
1-2: Ball
2-2: Foul Ball, location: 2F
2-2: Fly out, F7 (Flyball, 78D)
Batting: RHB Andrés Silva 0-0: Foul Ball, location: 2F
0-1: Foul Ball, location: 2F
0-2: Foul Ball, location: 2F
0-2: Ball
1-2: Ball
2-2: Ball
3-2: Base on Balls
Juan González to second
Batting: SHB José Salazar 0-0: Called Strike
0-1: Foul Ball, location: 2F
0-2: Strikes out looking
Top of the 8th over - 0 runs, 1 hit, 0 errors, 2 left on base; Erie 0 - Plumstead 4
BOTTOM OF THE 8TH
Plumstead Eagles batting - Pitching for Erie Jaxx : RHP Jesús Béltre
Batting: LHB Joe Rutherford 0-0: Ball
1-0: Ball
2-0: Ball
3-0: Base on Balls
Batting: RHB Jimmy Myers 0-0: Called Strike
0-1: Swinging Strike
0-2: Ball
1-2: Strikes out swinging
Batting: LHB José Marín 0-0: Swinging Strike
0-1: Ball
1-1: Foul Ball, location: 2F
1-2: Strikes out swinging
Batting: LHB Roberto Alba 0-0: Ball
1-0: Foul Ball, location: 2F
1-1: SINGLE (Groundball, 4MD)
Joe Rutherford to second
Batting: RHB Wayne Workman 0-0: Swinging Strike
0-1: Ball
1-1: Fielders Choice at 2nd, 6-4 (Groundball, 6)
Bottom of the 8th over - 0 runs, 1 hit, 0 errors, 2 left on base; Erie 0 - Plumstead 4
TOP OF THE 9TH
Erie Jaxx batting - Pitching for Plumstead Eagles : RHP John Bauer
Pitching: RHP Gilberto Ramírez
Batting: RHB José Hernández 0-0: Called Strike
0-1: Foul Ball, location: 2F
0-2: Strikes out swinging
Batting: RHB Germán Duarte 0-0: Ball
1-0: Ball
2-0: Foul Ball, location: 2F
2-1: Swinging Strike
2-2: Strikes out swinging
Batting: LHB Juan Vásquez 0-0: Ball
1-0: Called Strike
1-1: Ball
2-1: Fly out, F9 (Line Drive, 89M)
Top of the 9th over - 0 runs, 0 hits, 0 errors, 0 left on base; Erie 0 - Plumstead 4
Saturday, April 7th, 2018 - OOTP Baseball 18.8 Build 76